 Dungeon Crawl Stone Soup version 0.29-a0-982-gaed3a0c8d8 (webtiles) character file.

Game seed: 5603814216769166768

435 leavemydog the Chopper (level 7, 0/60 HPs)
             Began as a Hill Orc Fighter on Aug 1, 2022.
             Slain by a black bear (6 damage)
             ... on level 5 of the Dungeon.
             The game lasted 00:04:47 (4410 turns).

leavemydog the Chopper (Hill Orc Fighter)           Turns: 4410, Time: 00:04:48

Health: 0/60       AC:  4    Str: 25    XL:     7   Next: 0%
Magic:  7/7        EV:  9    Int:  7    God:
Gold:   175        SH:  4    Dex:  7    Spells: 6/6 levels left

rFire   . . .      SeeInvis .   a - +0 war axe
rCold   . . .      Faith    .   c - +0 buckler
rNeg    . . .      Spirit   .   b - +0 scale mail
rPois   .          Reflect  .   (no helmet)
rElec   .          Harm     .   (no cloak)
rCorr   .          Rampage  .   (no gloves)
Will    .....                   (no boots)
Stlth   ..........              (no amulet)
HPRegen 0.20/turn               (no ring)
MPRegen 0.10/turn               (no ring)

@: no status effects
A: clumsy 1, deformed body, strong 1
a: no special abilities


You were on level 5 of the Dungeon.
You visited 1 branch of the dungeon, and saw 5 of its levels.

You collected 175 gold pieces.

Inventory:

Hand Weapons
 a - a +0 war axe (weapon)
Armour
 b - a +0 scale mail (worn)
 c - a +0 buckler (worn)
Wands
 i - a wand of paralysis (13)
 s - a wand of polymorph (10)
Scrolls
 e - 2 scrolls of fear
 f - 2 scrolls of poison {unknown}
 j - a scroll of silence {unknown}
 k - 2 scrolls of torment
 l - a scroll of summoning {unknown}
 m - 2 scrolls of enchant weapon {unknown}
 n - a scroll of enchant armour {unknown}
 p - 2 scrolls of blinking
 r - a scroll of magic mapping {unknown}
 t - a scroll of brand weapon {unknown}
 v - a scroll of butterflies {unknown}
Potions
 d - 3 potions of might
 g - a potion of invisibility
 h - a potion of magic
 o - a potion of lignification
 q - 2 potions of curing {unknown}
 u - a potion of attraction {unknown}


   Skills:
 + Level 4.5 Fighting
 * Level 7.6 Axes
 + Level 4.7 Armour
 + Level 3.9 Shields


You had 6 spell levels left.
You didn't know any spells.
Your spell library contained the following spells:

 Spells                   Type           Power      Damage    Failure   Level
 Foxfire                  Conj/Fire      0%         2x1d4     80%         1
 Slow                     Hex            0%         N/A       80%         1
 Confusing Touch          Hex            0%         N/A       99%         3
 Conjure Flame            Conj/Fire      0%         6-21      99%         3
 Inner Flame              Hex/Fire       0%         N/A       99%         3
 Ozocubu's Armour         Ice            0%         N/A       99%         3
 Vampiric Draining        Necr           0%         2d6       99%         3
 Flame Wave               Conj/Fire      0%         2d4       100%        4
 Ozocubu's Refrigeration  Ice            0%         4d7       100%        7


Dungeon Overview and Level Annotations

Branches:
Dungeon (5/15)
 Temple: D:4-7

Altars:

Shops:
D:3 (


Innate Abilities, Weirdness & Mutations

You are clumsy. (Dex -2)
Armour fits poorly on your strangely shaped body.
Your muscles are strong. (Str +4, Int/Dex -1)


Message History

The black bear claws you.
You hit the black bear.
The black bear is heavily wounded.
The black bear bites you. The black bear closely misses you.
The black bear claws you.
You closely miss the black bear.
The black bear is moderately wounded.
The black bear bites you but does no damage.
The black bear claws you. x2
The black bear bites you but does no damage.
The black bear barely misses you.
The black bear claws you but does no damage.
You hit the black bear but do no damage.
The black bear is moderately wounded.
The black bear barely misses you.
The black bear claws you but does no damage.
The black bear closely misses you.
You hit the black bear.
The black bear is heavily wounded.
The black bear bites you but does no damage.
The black bear claws you. x2
You slash the black bear!
The black bear is almost dead.
The black bear goes berserk!
You hit the black bear.
The black bear is almost dead.
You block the black bear's attack. The black bear barely misses you.
The black bear claws you. The black bear bites you! The black bear claws you.
You block the black bear's attack.
You are too injured to fight recklessly!
You are too injured to fight recklessly!
You are too injured to fight recklessly!
You hit the black bear.
The black bear is almost dead.
The black bear bites you!
* * * LOW HITPOINT WARNING * * *
The black bear claws you.
* * * LOW HITPOINT WARNING * * *
The black bear claws you.
You die...

#........#
#........#
#........#
#........#
#........#
#....<...#
#.....####
#####'######.
#.@....?.#
#.h.....#.
#.......#
.........#
..........#
#..........#
+..........#
#..........#


You could see a black bear (berserk).

Vanquished Creatures
  An ice beast (D:4)
  A necrophage (D:4)
  A scorpion (D:4)
  A hound (D:4)
  An iguana (D:4)
  Terence (D:2)
  4 adders
  A river rat (D:4)
  2 worms (D:2)
  5 dart slugs
  2 orcs
  9 ball pythons
  7 endoplasms
  7 giant cockroaches
  9 hobgoblins
  A kobold (D:4)
  4 quokkas
  3 bats
  A frilled lizard (D:3)
  9 goblins
  5 rats
75 creatures vanquished.

Notes
Turn   | Place    | Note
-------+----------+-------------------------------------------
     0 | D:1      | leavemydog the Hill Orc Fighter began the quest for the
                  | Orb.
     0 | D:1      | Reached XP level 1. HP: 19/19 MP: 1/1
   123 | D:1      | Reached XP level 2. HP: 23/27 MP: 2/2
   131 | D:1      | Reached skill level 3 in Axes
   474 | D:1      | Reached XP level 3. HP: 33/33 MP: 3/3
   859 | D:2      | Reached skill level 4 in Axes
  1027 | D:2      | Identified the +8 dagger of Joyful Slaughter {chaos, Str+4}
  1217 | D:2      | Reached XP level 4. HP: 40/40 MP: 4/4
  1281 | D:2      | Noticed Terence
  1291 | D:2      | Killed Terence
  1292 | D:2      | Reached skill level 5 in Axes
  1897 | D:2      | Gained mutation: You are clumsy. (Dex -2) [potion of
                  | mutation]
  1897 | D:2      | Gained mutation: You do not regenerate when monsters are
                  | visible. [potion of mutation]
  1897 | D:2      | Gained mutation: You have sharp toenails. [potion of
                  | mutation]
  1898 | D:2      | Lost mutation: You have sharp toenails. [potion of
                  | mutation]
  1898 | D:2      | Lost mutation: You do not regenerate when monsters are
                  | visible. [potion of mutation]
  1898 | D:2      | Gained mutation: You have sharp fingernails. [potion of
                  | mutation]
  1898 | D:2      | Gained mutation: You have a pair of small antennae on your
                  | head. [potion of mutation]
  1898 | D:2      | Gained mutation: Armour fits poorly on your strangely
                  | shaped body. [potion of mutation]
  1899 | D:2      | Lost mutation: You have sharp fingernails. [potion of
                  | mutation]
  1899 | D:2      | Lost mutation: Armour fits poorly on your strangely shaped
                  | body. [potion of mutation]
  1899 | D:2      | Lost mutation: You have a pair of small antennae on your
                  | head. [potion of mutation]
  1899 | D:2      | Gained mutation: Armour fits poorly on your strangely
                  | shaped body. [potion of mutation]
  1899 | D:2      | Gained mutation: Your muscles are strong. (Str +4, Int/Dex
                  | -1) [potion of mutation]
  2443 | D:3      | Found Ughofiv's Weapon Boutique.
  2475 | D:3      | Found a faded altar of an unknown god.
  2596 | D:3      | Identified the +3 ring mail "Huwisoeh" {SInv}
  2738 | D:4      | Noticed a scorpion
  2748 | D:4      | Killed a scorpion
  2749 | D:4      | Reached XP level 5. HP: 21/46 MP: 5/5
  2751 | D:4      | Reached skill level 6 in Axes
  2951 | D:4      | Noticed an ice beast
  2970 | D:4      | Killed an ice beast
  2971 | D:4      | Reached XP level 6. HP: 12/53 MP: 6/6
  3404 | D:4      | Reached skill level 7 in Axes
  4293 | D:4      | Reached XP level 7. HP: 60/60 MP: 7/7
  4393 | D:5      | Entered Level 5 of the Dungeon
  4410 | D:5      | Slain by a black bear

Illustrated notes

Levels and vault maps discovered:
D:1:      psy_arrival_terrarium, layout_basic
D:2:      layout_basic, minmay_misc_feat_enclosed, uniq_terence
D:3:      layout_basic, serial_shops, nicolae_shop_advertising_works
          [nicolae_subvault_shop_adworks], ebering_ecumenical_altar_hall
D:4:      layout_basic, gup_sewer_entry_bubbles, minmay_pentomino_pile
D:5:      layout_basic, grunt_temple_overflow_open, gammafunk_ghost_cemetery,
          uniq_menkaure

Skill      XL: |  1  2  3  4  5  6 |
---------------+-------------------+-----
Axes           | 3 4 5 6 7 |  7.6
Fighting       | 4 |  4.5
Armour         | 4 |  4.7
Shields        | |  3.9

Action                   |  1- 3 |  4- 6 |  7- 9 || total
-------------------------+-------+-------+-------++-------
Melee: War axe           |    75 |   183 |    12 ||   270
  Use: Scroll            |       |     8 |       ||     8
       Potion            |       |     4 |       ||     4
Armor: Scale mail        |    36 |    49 |     9 ||    94
       Skin              |       |     4 |       ||     4
Dodge: Dodged            |    31 |    78 |    11 ||   120
Block: Buckler           |    16 |    35 |     4 ||    55

Table legend: (Time is in decaauts)
 A = Elapsed time spent in this place.
 B = Non-inter-level travel time spent in this place.
 C = Inter-level travel time spent in this place.
 D = Time resting spent in this place.
 E = Time spent auto-exploring this place.
 F = Levels seen in this place.
 G = Mean time per level.
                   A        B        C        D        E       F      G
               +--------+--------+--------+--------+--------+-----+--------+
         Total |   4512 |   4412 |    100 |    767 |   3013 |   5 |  902.4 |
       Dungeon |   4512 |   4412 |    100 |    767 |   3013 |   5 |  902.4 |
               +--------+--------+--------+--------+--------+-----+--------+

Top non-repeatable levels by time:
     D:4: 1703 daAuts
     D:2: 1228 daAuts
     D:3: 830 daAuts
     D:1: 731 daAuts
     D:5: 18 daAuts
